 Dungeon Crawl Stone Soup version 0.22.1-6-g1668fe2c40 (webtiles) character file.

21 Kohma the Grave Robber (level 2, -7/23 HPs)
             Began as a Hill Orc Necromancer on Jan 22, 2019.
             Mangled by an ogre
             ... wielding a cursed +0 giant spiked club
              (15 damage)
             ... on level 2 of the Dungeon.
             The game lasted 00:04:57 (1156 turns).

Kohma the Grave Robber (Hill Orc Necromancer)       Turns: 1156, Time: 00:04:58

Health: -7/23      AC:  5    Str: 10    XL:     2   Next: 83%
Magic:  4/4        EV: 10    Int: 15    God:
Gold:   41         SH:  0    Dex: 11    Spells: 2/4 levels left

rFire    . . .     SeeInvis .   f - +0 spear
rCold    . . .     Gourm    .   (no shield)
rNeg     . . .     Faith    .   g - +0 ring mail
rPois    .         Spirit   .   (no helmet)
rElec    .         Reflect  .   (no cloak)
rCorr    .         Harm     .   (no gloves)
MR       .....                  (no boots)
Stlth    +.........             (no amulet)
HPRegen  0.07/turn              (no ring)
MPRegen  0.09/turn              (no ring)

@: no status effects
A: no striking features
a: no special abilities


You were on level 2 of the Dungeon.
You were not hungry.

You visited 1 branch of the dungeon, and saw 2 of its levels.

You collected 41 gold pieces.

Inventory:

Hand Weapons
 f - a +0 spear (weapon)
 i - a +0 hunting sling
Missiles
 b - 32 sling bullets
 l - 3 javelins (quivered)
Armour
 a - a +0 robe
 g - a +0 ring mail (worn)
Scrolls
 h - 2 scrolls of teleportation {unknown}
 k - 2 scrolls of identify {unknown}
 m - a scroll of enchant weapon {unknown}
Potions
 d - 2 potions of mutation {unknown}
 e - 2 potions of curing {unknown}
 n - a potion of might {unknown}
Comestibles
 c - a ration
 j - a chunk of flesh


   Skills:
 + Level 1.1 Fighting
 - Level 0.7 Polearms
 - Level 1.5 Dodging
 - Level 1.5 Stealth
 + Level 1.8 Spellcasting
 * Level 4.3 Necromancy


You had 2 spell levels left.
You knew the following spells:

 Your Spells              Type           Power        Failure   Level  Hunger
a - Pain                  Necr           ##..         10%         1    ##.....
b - Animate Skeleton      Necr           N/A          10%         1    ##.....

Your spell library contained the following spells:

 Spells                   Type           Power        Failure   Level  Hunger
 Vampiric Draining        Necr           ##........   30%         3    ####...
 Regeneration             Chrm/Necr      #.........   58%         3    ####...
 Animate Dead             Necr           N/A          69%         4    #####..


Dungeon Overview and Level Annotations

Branches:
Dungeon (2/15)

Altars:


Message History

You hit the rat.
You kill the rat!
The ogre barely misses you.
Casting: Animate Skeleton (safe; 10% risk of failure)
Confirm with . or Enter, or press ? or * to list all spells.
Aiming: Pain (safe; 10% risk of failure)
Press: ? - help, Shift-Dir - straight line, f/p - ogre
Aim: an ogre, wielding a giant spiked club (moderately wounded, chance to The ogre writhes in agony!
The ogre hits you with a giant spiked club!
* * * LOW HITPOINT WARNING * * *
Casting: Pain (safe; 10% risk of failure)
Confirm with . or Enter, or press ? or * to list all spells.
Aiming: Pain (safe; 10% risk of failure)
Press: ? - help, Shift-Dir - straight line, f/p - ogre
Aim: an ogre, wielding a giant spiked club (moderately wounded, chance to The ogre struggles to resist.
The ogre hits you with a giant spiked club!
Ouch! That really hurt!
You die...

###############
#....@OZ......#
#.###########.# #.# #.#
#########.###########.#
#.....................#
##.###................#
#.....................# #####
#####.................#.....g
#........................


You could see an ogre and a friendly leopard gecko skeleton.

Vanquished Creatures
  A worm (D:2)
  2 dart slugs (D:1)
  A leopard gecko (D:2)
  A ball python (D:1)
  A goblin (D:2)
  A hobgoblin (D:1)
  4 kobolds (D:1)
  3 rats
14 creatures vanquished.

Notes
Turn   | Place    | Note
-------+----------+-------------------------------------------
     0 | D:1      | Kohma the Hill Orc Necromancer began the quest for the Orb.
     0 | D:1      | Reached XP level 1. HP: 14/14 MP: 3/3
    22 | D:1      | Learned a level 1 spell: Animate Skeleton
   466 | D:1      | Reached XP level 2. HP: 21/22 MP: 1/4
  1027 | D:2      | Reached skill level 1 in Fighting
  1051 | D:2      | Noticed an ogre
  1156 | D:2      | Mangled by an ogre

Skill      XL: |  1  2 |
---------------+-------+-----
Fighting       | 1 |  1.1
Polearms       | |  0.7
Dodging        | |  1.5
Stealth        | |  1.5
Spellcasting   | |  1.8
Necromancy     | |  4.3

Action                   || total
-------------------------++-------
Melee: Spear             ||    41
 Cast: Pain              ||    10
       Animate Skeleton  ||     2
  Eat: Chunk             ||     1
Armor: Ring mail         ||    12
       Robe              ||     1
Dodge: Dodged            ||    14
